 Dungeon Crawl Stone Soup version 0.23.1 (webtiles) character file.

Game seed: 3489648632800954018

27 Borgoz the Sneak (level 3, -3/26 HPs)
             Began as a Ghoul Enchanter on Mar 13, 2019.
             Killed by divine providence
             ... invoked by an orc priest
              (16 damage)
             ... on level 2 of the Dungeon.
             The game lasted 00:01:55 (1122 turns).

Borgoz the Sneak (Ghoul Enchanter)                  Turns: 1122, Time: 00:01:56

Health: -3/26      AC:  4    Str: 16    XL:     3   Next: 10%
Magic:  4/4        EV: 12    Int: 10    God:
Gold:   66         SH:  0    Dex: 10    Spells: 4/5 levels left

rFire    . . .     SeeInvis .   a - +1 dagger
rCold    + . .     Gourm    .   (no shield)
rNeg     + + +     Faith    .   h - +1 leather armour
rPois    ∞         Spirit   .   (no helmet)
rElec    .         Reflect  .   (no cloak)
rCorr    .         Harm     .   (no gloves)
MR       .....                  (no boots)
Stlth    ++........             (no amulet)
HPRegen  0.00/turn              (no ring)
MPRegen  0.09/turn              (no ring)

@: mighty, rotting
A: rotting body, claws 1, carnivore, cold resistance 1, negative energy
resistance 3, inhibited regeneration, torment resistance, unbreathing
a: no special abilities


You were on level 2 of the Dungeon.
You were not hungry.

You visited 1 branch of the dungeon, and saw 2 of its levels.

You collected 66 gold pieces.

Inventory:

Hand Weapons
 a - a +1 dagger (weapon)
Missiles
 c - 2 tomahawks (quivered)
Armour
 h - a +1 leather armour (worn)
Scrolls
 f - a scroll of random uselessness {unknown}
Potions
 g - 2 potions of curing
 k - a potion of mutation {unknown}
Comestibles
 b - a chunk of flesh
 d - 4 rations


   Skills:
 * Level 1.6 Short Blades
 * Level 1.2 Armour
 * Level 2.3 Dodging
 - Level 3.2 Stealth
 - Level 1.7 Spellcasting
 - Level 2.4 Hexes


You had 4 spell levels left.
You knew the following spells:

 Your Spells              Type           Power        Failure   Level  Hunger
a - Corona                Hex            #......      14%         1    ##.....

Your spell library contained the following spells:

 Spells                   Type           Power        Failure   Level  Hunger
 Ensorcelled Hibernation  Hex/Ice        #.....       36%         2    ###....
 Confuse                  Hex            #.......     41%         3    ####...
 Tukima's Dance           Hex            #.......     41%         3    ####...
 Dazzling Spray           Conj/Hex       #.....       58%         3    ####...


Dungeon Overview and Level Annotations

Branches:
Dungeon (2/15)

Altars:


Innate Abilities, Weirdness & Mutations

Your body is rotting away.
You thrive on raw meat.
You are immune to poison.
You have sharp fingernails.
You are carnivorous and can eat meat at any time.
Your flesh is cold resistant. (rC+)
You are immune to negative energy. (rN+++)
You do not regenerate when monsters are visible.
You are immune to unholy pain and torment.
You can survive without breathing.


Message History

d - 4 rations (gained 1)
An orc priest comes into view. It is wielding a +0 mace.
The orc priest shouts!
You hear a shout!
An orc priest is nearby!
It was a potion of might.
You feel very mighty all of a sudden.
A worm, an orc and an orc wizard come into view.
A goblin comes into view. It is wielding a +0 club.
The worm moves out of view.
Found a ration.
The orc priest mumbles some strange prayers to Beogh against you.
Beogh smites you!
The goblin shouts!
The orc shouts!
You hear a shout!
You are too injured to fight recklessly!
You are too injured to fight recklessly!
Unknown command.
The orc priest mumbles some strange prayers to Beogh against you.
Beogh smites you!
Ouch! That really hurt!
You die...

........%..
.......wo.#
.........#
#....o...#
#........#
#g.o......
#........#
####.........
#..@##+######
#...# #...# #...#
### #...# ...
#...# .... #
#...# ..... #
#...########.....
#
#......).........


You could see a worm, an orc priest, an orc wizard (wandering), an orc and a
goblin.

Vanquished Creatures
  A leopard gecko (D:1)
  2 giant cockroaches (D:1)
  5 goblins
  4 hobgoblins (D:1)
  2 kobolds (D:1)
  4 bats
  5 rats
23 creatures vanquished.

Notes
Turn   | Place    | Note
-------+----------+-------------------------------------------
     0 | D:1      | Borgoz the Ghoul Enchanter began the quest for the Orb.
     0 | D:1      | Reached XP level 1. HP: 14/14 MP: 2/2
    45 | D:1      | Reached skill level 1 in Short Blades
   126 | D:1      | Reached XP level 2. HP: 20/20 MP: 3/3
   395 | D:1      | Reached skill level 1 in Armour
   711 | D:1      | Reached XP level 3. HP: 26/26 MP: 4/4
  1122 | D:2      | Killed from afar by an orc priest

Skill      XL: |  1  2 |
---------------+-------+-----
Short Blades   | 1 |  1.6
Dodging        | 2 |  2.3
Armour         | 1 |  1.2
Stealth        | |  3.2
Spellcasting   | |  1.7
Hexes          | |  2.4

Action                   || total
-------------------------++-------
Melee: Dagger            ||    79
  Use: Scroll            ||     5
       Potion            ||     1
 Stab: Sleeping          ||     6
  Eat: Chunk             ||     3
Armor: Leather armour    ||    24
Dodge: Dodged            ||    37
